 Dungeon Crawl Stone Soup version 0.22.0-75-g3901e79 (webtiles) character file.

350 Fang the Chopper (level 6, -1/39 HPs)
             Began as a Gargoyle Berserker on Sept 11, 2018.
             Was a Believer of Trog.
             Slain by a gnoll
             ... wielding a +0 spear
              (2 damage)
             ... on level 3 of the Dungeon.
             The game lasted 00:05:10 (2786 turns).

Fang the Chopper (Gargoyle Berserker)               Turns: 2786, Time: 00:05:10

Health: -1/39      AC:  8    Str: 22    XL:     6   Next: 60%
Magic:  6/6        EV: 12    Int:  8    God:    Trog [**....]
Gold:   139        SH:  0    Dex:  9    Spells: 5/5 levels left

rFire    . . .     SeeInvis .   a - +0 hand axe
rCold    . . .     Gourm    .   (no shield)
rNeg     + . .     Faith    .   b - +0 animal skin
rPois    ∞         Spirit   .   (no helmet)
rElec    +         Reflect  .   (no cloak)
rCorr    .         Harm     .   (no gloves)
MR       .....                  t - +1 pair of boots
Stlth    ++........             (no amulet)
HPRegen  0.13/turn              (no ring)
MPRegen  0.10/turn              (no ring)

@: no status effects
A: negative energy resistance 1, electricity resistance, unbreathing,
petrification resistance, rot immunity, AC +4
a: Berserk, Trog's Hand, Renounce Religion


You were on level 3 of the Dungeon.
You worshipped Trog.
Trog was pleased with you.
You were not hungry.

You visited 1 branch of the dungeon, and saw 3 of its levels.

You collected 139 gold pieces.

Inventory:

Hand Weapons
 a - a +0 hand axe (weapon)
Armour
 b - a +0 animal skin (worn)
 t - a +1 pair of boots (worn)
Jewellery
 u - a +1 ring of protection {unknown}
Scrolls
 d - 4 scrolls of identify {unknown}
 f - 2 scrolls of amnesia {unknown}
 g - a scroll of enchant armour {unknown}
 j - a scroll of remove curse {unknown}
 k - a scroll of fear {unknown}
 m - a scroll of teleportation {unknown}
 n - a scroll of noise {unknown}
 s - 2 scrolls of immolation {unknown}
Potions
 e - a potion of berserk rage {unknown}
 h - a potion of haste {unknown}
 i - a potion of might {unknown}
 l - a potion of curing {unknown}
 o - 2 potions of agility {unknown}
 p - a potion of lignification {unknown}
 q - a potion of magic {unknown}
 r - a potion of resistance {unknown}
Comestibles
 c - 6 rations


   Skills:
 + Level 4.7 Fighting
 + Level 4.9 Axes
 + Level 2.3 Armour
 + Level 2.7 Dodging
 + Level 1.6 Stealth


You had 5 spell levels left.
You didn't know any spells.
Your spell library was empty.

Dungeon Overview and Level Annotations

Branches:
Dungeon (3/15)

Altars:
Ashenzari
Cheibriados
Trog
Uskayaw
Vehumet


Innate Abilities, Weirdness & Mutations

You are resistant to torment.
Your stone body is resilient. (AC +4)
You are immune to poison.
You resist negative energy. (rN+)
You are resistant to electric shocks. (rElec)
You can survive without breathing.
You are immune to petrification.
You are immune to rotting.


Message History

The gnoll is severely wounded.
The gnoll hits you with a spear.
You barely miss the gnoll.
The gnoll is severely wounded.
The gnoll hits you with a spear.
You hit the gnoll.
The gnoll is almost dead.
The gnoll hits you with a spear.
You barely miss the gnoll.
The gnoll is almost dead.
The gnoll hits you with a spear!
* * * LOW HITPOINT WARNING * * *
You closely miss the gnoll.
The gnoll is almost dead.
The gnoll hits you with a spear.
* * * LOW HITPOINT WARNING * * *
You barely miss the gnoll.
The gnoll is almost dead.
The gnoll hits you with a spear.
You die...

####.##.#.#.#######
#
#..#...........###
#
##.###.........#.#
#.###...........#
#..##.........#.###
##.####.####.#....#
#.......# #.#..#.#
#.......# #))..#.#
#.......# #@)....#
#.......# #g..#..#
#.......# #...# .#
#.......# #..... ..
#####.#.# #...### #
#...# #...# ##.##
..


You could see a gnoll.

Vanquished Creatures
  An ogre (D:3)
  2 orc priests
  2 orc wizards
  3 gnolls (D:3)
  5 adders
  An ooze (D:1)
  2 worms (D:3)
  A dart slug (D:3)
  2 leopard geckos
  4 orcs
  3 giant cockroaches
  8 goblins
  8 hobgoblins
  9 kobolds
  A quokka (D:2)
  A ball python (D:1)
  5 bats
  2 frilled lizards
  9 rats
69 creatures vanquished.

Notes
Turn   | Place    | Note
-------+----------+-------------------------------------------
     0 | D:1      | Fang the Gargoyle Berserker began the quest for the Orb.
     0 | D:1      | Reached XP level 1. HP: 14/14 MP: 1/1
   191 | D:1      | Reached XP level 2. HP: 19/19 MP: 2/2
   418 | D:1      | Reached XP level 3. HP: 24/24 MP: 3/3
   669 | D:2      | Reached ** piety under Trog
   699 | D:2      | Reached skill level 1 in Stealth
  1015 | D:2      | Found a bloodstained altar of Trog.
  1080 | D:2      | Reached XP level 4. HP: 11/29 MP: 4/4
  1355 | D:2      | Reached XP level 5. HP: 30/33 MP: 5/5
  1574 | D:2      | Found a radiant altar of Vehumet.
  1589 | D:2      | Found a shattered altar of Ashenzari.
  1604 | D:2      | Found a snail-covered altar of Cheibriados.
  1621 | D:2      | Found a hide-covered altar of Uskayaw.
  2366 | D:3      | Reached XP level 6. HP: 37/39 MP: 6/6
  2639 | D:3      | Found a faded altar of an unknown god.
  2785 | D:3      | HP: 1/39 [gnoll/spear (4)]
  2786 | D:3      | Slain by a gnoll

Skill      XL: |  1  2  3  4 |
---------------+-------------+-----
Axes           | 3 4 |  4.9
Stealth        | 1 |  1.6
Fighting       | 4 |  4.7
Dodging        | 2 |  2.7
Armour         | |  2.3

Action                   |  1- 3 |  4- 6 || total
-------------------------+-------+-------++-------
Melee: Hand axe          |   111 |   173 ||   284
Invok: Berserk           |     2 |     2 ||     4
 Stab: Sleeping          |       |     2 ||     2
  Eat: Chunk             |     1 |     9 ||    10
Armor: Animal skin       |    44 |    66 ||   110
Dodge: Dodged            |   102 |   120 ||   222
